 Dungeon Crawl Stone Soup version 0.26-a0-834-g69557b85cc (webtiles) character file.

Game seed: 16883821105618167260

14627 jiml777 the Thaumaturge (level 11, -6/55 HPs)
             Began as a Deep Elf Air Elementalist on Nov 16, 2020.
             Was a Priest of Sif Muna.
             Mangled by a troll (12 damage)
             ... led by an orc warlord
             ... on level 1 of the Orcish Mines.
             The game lasted 02:29:16 (18355 turns).

jiml777 the Thaumaturge (DEAE)                     Turns: 18355, Time: 02:29:17

Health: -6/55      AC:  5    Str:  5    XL:     11   Next: 91%
Magic:  26/30      EV: 17    Int: 24    God:    Sif Muna [***...]
Gold:   683        SH:  6    Dex: 15    Spells: 13/36 levels left

rFire    + + .     SeeInvis .   n - +3 short sword (venom)
rCold    . . .     Faith    .   t - +1 buckler
rNeg     . . .     Spirit   .   H - +0 robe {rF+}
rPois    .         Reflect  .   k - +1 helmet
rElec    .         Harm     .   F - +0 cloak
rCorr    .         Rampage  .   (no gloves)
MR       +....                  (no boots)
Stlth    ++........             A - amulet of regeneration
HPRegen  0.58/turn              i - +4 ring of evasion
MPRegen  0.22/turn              x - ring of protection from fire

@: no status effects
A: no striking features
a: Channel Magic, Forget Spell, Renounce Religion


You were on level 1 of the Orcish Mines.
You worshipped Sif Muna.
Sif Muna was most pleased with you.
You visited 3 branches of the dungeon, and saw 13 of its levels.
You also visited: Ossuary and Bailey.

You collected 683 gold pieces.

Inventory:

Hand Weapons
 n - a +3 short sword of venom (weapon)
Missiles
 j - 5 curare-tipped darts
 o - 117 arrows
 s - 6 atropa-tipped darts (quivered)
 u - 21 poisoned darts
Armour
 k - a +1 helmet (worn)
 t - a +1 buckler (worn)
 F - a +0 cloak (worn)
 H - a +0 robe of fire resistance (worn)
 M - a +1 robe of cold resistance
Jewellery
 b - an uncursed ring of positive energy
 f - an uncursed amulet of reflection
 i - a +4 ring of evasion (left hand)
 q - an uncursed ring of protection from cold
 r - a +6 ring of strength
 x - a ring of protection from fire (right hand)
 A - an amulet of regeneration (around neck)
 K - an uncursed ring of ice
 P - an uncursed ring of protection from fire
Wands
 a - a wand of digging (10)
 w - a wand of acid (2)
 D - a wand of enslavement (6)
 G - a wand of flame (12)
 J - a wand of iceblast (9)
Scrolls
 d - a scroll of magic mapping
 e - 12 scrolls of remove curse
 h - 10 scrolls of teleportation
 l - a scroll of fear
 m - 3 scrolls of blinking
 y - 3 scrolls of amnesia
 z - 2 scrolls of identify
 C - 5 scrolls of fog
Potions
 c - a potion of might
 g - 8 potions of curing
 p - 4 potions of brilliance
 v - 2 potions of resistance
 B - 4 potions of lignification
 E - a potion of cancellation
 I - a potion of mutation
 L - 2 potions of flight
 N - a potion of ambrosia


   Skills:
 + Level 0.9 Fighting
 + Level 0.5 Short Blades
 - Level 3.0 Dodging
 - Level 3.4 Stealth
 - Level 3.0 Shields
 + Level 13.1 Spellcasting
 * Level 8.1 Conjurations
 * Level 6.6 Translocations
 + Level 10.5 Air Magic
 * Level 5.8 Invocations
 * Level 5.9 Evocations


You had 13 spell levels left.
You knew the following spells:

 Your Spells              Type           Power        Failure   Level
a - Shock                 Conj/Air       ####         1%          1
b - Swiftness             Air            ######..     1%          2
c - Static Discharge      Conj/Air       ######..     1%          3
d - Airstrike             Air            ######....   1%          4
e - Lightning Bolt        Conj/Air       ######....   2%          5
f - Gell's Gravitas       Tloc           #####.....   1%          3
g - Iskenderun's Battles  Conj           ######..     4%          5

Your spell library contained the following spells:

 Spells                   Type           Power        Failure   Level
 Magic Dart               Conj           ####         1%          1
 Searing Ray              Conj           ######       1%          2
 Iskenderun's Mystic Bla  Conj/Tloc      ######..     1%          4
 Dazzling Flash           Conj/Hex       #####.       2%          3
 Beastly Appendage        Tmut           ###...       4%          1
 Wereblood                Tmut           ###.....     6%          2
 Fulminant Prism          Conj/Hex       #####.....   9%          4
 Confusing Touch          Hex            ###.....     13%         3
 Spider Form              Tmut/Pois      ###.......   13%         3
 Bolt of Magma            Conj/Fire/Erth ####......   36%         5
 Ice Form                 Ice/Tmut       ###.....     38%         4
 Petrify                  Tmut/Erth      ###.....     38%         4
 Blade Hands              Tmut           ###.......   75%         5
 Metabolic Englaciation   Hex/Ice        ###.......   75%         5
 Yara's Violent Unravell  Hex/Tmut       ###.......   75%         5
 Iron Shot                Conj/Erth      #####.....   77%         6
 Orb of Destruction       Conj           ######....   78%         7
 Spellforged Servitor     Conj/Summ      #####.....   100%        7


Dungeon Overview and Level Annotations

Branches:
Dungeon (11/15)            Temple (1/1) D:5             Orc (1/2) D:10
Ossuary (visited)          Bailey (visited)
   Lair: D:8-11

Altars:
Cheibriados
Dithmenos
Fedhas
Hepliaklqana
Kikubaaqudgha
Nemelex Xobeh
Okawaru
Qazlal
Ru
Sif Muna
Uskayaw
Xom
Yredelemnul
Zin
The Shining One

Shops:
D:6 [   D:9 :   D:11 }   Orc:1 :


Message History

The troll completely misses you. The orc hits you but does no damage.
The orc closely misses you.
The orc wizard points at you and mumbles some strange words.
The magic dart hits you! The troll bites you! The troll claws you.
The troll claws you!
There is a staircase back to the Dungeon, spattered with blood here.
Casting: Lightning Bolt (dangerous; 2% risk of failure)
Confirm with . or Enter, or press ? or * to list all spells.
Press: ? - help, Dir - move target cursor, f - troll
Aim: a troll The air twists around and strikes the troll!
The troll is moderately wounded.
The orc barely misses you. The orc hits you with a +0 short sword.
* * * LOW HITPOINT WARNING * * *
The troll misses you. You block the troll's attack. The troll misses you.
You block the orc's attack. The orc barely misses you.
The troll closely misses you. The troll claws you!
* * * LOW HITPOINT WARNING * * *
The troll claws you!
You die...

##... #....#......
##.... ##.).........
.#.....##......^.....
............[.......#
...........[...$.....
#.......#............
......#..#.##.....##
#.##.#...[o[.........
# #.#...o@>.o.[.....
#.......T.........o
#...#.......o$.[...
#.........)........
#.......$.[........
...................
.....∩...........
#.............#


You could see a troll, an orc wizard and 3 orcs.

Vanquished Creatures
  An orc warlord (D:10)
  Fannar (D:10)
  A boulder beetle (D:11)
  4 two-headed ogres
  2 orc knights (Bailey)
  An oklob plant (D:2)
  An orc sorcerer (Orc:1)
  Maurice (D:8)
  A kobold demonologist (D:9)
  3 trolls
  2 wyverns
  Eustachio (D:4)
  6 orc warriors
  2 black bears
  3 phantoms
  An eye of draining (D:11)
  6 ice beasts
  3 ogres
  5 centaurs
  Blork the orc (D:4)
  A big kobold (D:11)
  3 bullfrogs
  A wyvern zombie (D:11)
  10 scorpions
  5 killer bees
  5 electric eels (D:7)
  17 wights
  A howler monkey (D:11)
  3 centaur zombies
  10 orc priests
  2 human zombies (Ossuary)
  A jelly (D:5)
  5 hounds
  A bullfrog skeleton (D:10)
  2 centaur skeletons
  Ijyb (D:4)
  3 iguanas
  8 orc wizards
  6 worker ants
  4 big kobold zombies (Ossuary)
  A hound zombie (D:7)
  A hound skeleton (D:9)
  3 mummies (Ossuary)
  8 gnolls
  3 scorpion zombies (Ossuary)
  10 adders
  4 shadow imps
  2 white imps
  2 oozes (D:2)
  An adder zombie (D:6)
  An adder skeleton (D:5)
  3 worms (D:2)
  2 dart slugs (D:2)
  4 leopard geckos
  60 orcs
  6 giant cockroaches
  A gnoll zombie (Ossuary)
  18 goblins
  18 hobgoblins
  11 jackals
  16 kobolds
  5 quokkas
  2 ball pythons (D:1)
  10 bats
  4 frilled lizards
  3 goblin zombies (Ossuary)
  2 hobgoblin zombies (Ossuary)
  4 orc zombies (Ossuary)
  A quokka skeleton (D:6)
  5 rats
346 creatures vanquished.

Vanquished Creatures (others)
  A goblin zombie (Ossuary)
  5 fungi (D:2)
  12 plants
  14 toadstools (D:2)
32 creatures vanquished.

Grand Total: 378 creatures vanquished

Notes
Turn   | Place    | Note
-------+----------+-------------------------------------------
     0 | D:1      | jiml777 the Deep Elf Air Elementalist began the quest for
                  | the Orb.
     0 | D:1      | Reached XP level 1. HP: 10/10 MP: 6/6
   307 | D:1      | Reached XP level 2. HP: 15/15 MP: 2/8
  1151 | D:2      | Reached XP level 3. HP: 19/19 MP: 7/10
  1181 | D:2      | Found a snail-covered altar of Cheibriados.
  1444 | D:2      | Learned a level 2 spell: Swiftness
  1448 | D:2      | Learned a level 3 spell: Static Discharge
  1606 | D:2      | Reached XP level 4. HP: 24/24 MP: 4/11
  1611 | D:2      | Learned a level 4 spell: Airstrike
  1689 | D:2      | Reached skill level 4 in Spellcasting
  2018 | D:2      | Found a blossoming altar of Fedhas.
  2029 | D:2      | Noticed an oklob plant
  2604 | D:3      | Reached XP level 5. HP: 28/28 MP: 9/13
  3834 | D:4      | Noticed Ijyb
  3845 | D:4      | Killed Ijyb
  4200 | D:4      | Noticed Eustachio
  4210 | D:4      | Killed Eustachio
  4211 | D:4      | Reached skill level 5 in Spellcasting
  4211 | D:4      | Reached XP level 6. HP: 25/32 MP: 5/15
  4285 | D:4      | Noticed Blork the orc
  4288 | D:4      | Killed Blork the orc
  4289 | D:4      | Reached skill level 5 in Air Magic
  5060 | D:5      | Entered Level 5 of the Dungeon
  5120 | D:5      | Reached skill level 1 in Shields
  5253 | D:5      | Noticed an ice beast
  5303 | D:5      | Reached XP level 7. HP: 31/36 MP: 6/17
  5342 | D:5      | Reached skill level 6 in Spellcasting
  5496 | D:5      | Found a sand-covered staircase.
  5501 | Ossuary  | Entered an ossuary
  6067 | Ossuary  | Reached skill level 7 in Spellcasting
  6399 | Ossuary  | Reached XP level 8. HP: 38/41 MP: 1/20
  7132 | D:5      | Reached skill level 8 in Spellcasting
  7617 | D:5      | Found a staircase to the Ecumenical Temple.
  7716 | Temple   | Entered the Ecumenical Temple
  7724 | Temple   | Became a worshipper of Sif Muna the Loreminder
  7863 | D:5      | Reached skill level 9 in Spellcasting
  7863 | D:5      | Reached skill level 1 in Translocations
  8022 | D:5      | Found a shimmering altar of Xom.
  8093 | D:6      | Found Ykhluola's Antique Armour Shoppe.
  8699 | D:6      | Found a glowing silver altar of Zin.
  8790 | D:6      | Reached XP level 9. HP: 45/45 MP: 15/24
  8923 | D:6      | Noticed a two-headed ogre
  8944 | D:6      | Killed a two-headed ogre
  8945 | D:6      | Reached skill level 5 in Conjurations
  8945 | D:6      | Reached skill level 1 in Invocations
  8945 | D:6      | Reached skill level 1 in Evocations
 10018 | D:7      | Found a flagged portal.
 10033 | Bailey   | Entered a bailey
 10214 | Bailey   | Reached skill level 10 in Spellcasting
 10215 | Bailey   | Reached * piety under Sif Muna
 10523 | Bailey   | Noticed an orc knight
 10525 | Bailey   | Noticed an orc knight
 10547 | Bailey   | Killed an orc knight
 10582 | Bailey   | Killed an orc knight
 10766 | Bailey   | Noticed an orc warlord
 10836 | Bailey   | Reached XP level 10. HP: 51/51 MP: 5/26
 10851 | Bailey   | Noticed an orc knight
 11131 | D:7      | Reached ** piety under Sif Muna
 11718 | D:8      | Learned a level 5 spell: Lightning Bolt
 11722 | D:8      | Learned a level 3 spell: Gell's Gravitas
 11729 | D:8      | Found a hide-covered altar of Uskayaw.
 11837 | D:8      | Noticed Maurice
 11843 | D:8      | Killed Maurice
 12004 | D:8      | You fall into a shaft and drop 1 floor!
 12124 | D:8      | Reached skill level 11 in Spellcasting
 12465 | D:8      | Found a basalt altar of Yredelemnul.
 12763 | D:9      | Noticed a two-headed ogre
 12766 | D:9      | Killed a two-headed ogre
 12876 | D:9      | Noticed a soul eater
 13311 | D:9      | Reached skill level 5 in Translocations
 13712 | D:9      | Reached *** piety under Sif Muna
 14044 | D:9      | Reached XP level 11. HP: 55/55 MP: 19/28
 14329 | D:9      | You fall into a shaft and drop 1 floor!
 14329 | D:10     | Entered Level 10 of the Dungeon
 14329 | D:10     | Found a glowing golden altar of the Shining One.
 14373 | D:10     | Noticed a two-headed ogre
 14377 | D:10     | Killed a two-headed ogre
 14378 | D:10     | Reached skill level 12 in Spellcasting
 14756 | D:10     | Learned a level 5 spell: Iskenderun's Battlesphere
 15121 | D:10     | Noticed Fannar
 15140 | D:10     | Killed Fannar
 15141 | D:10     | Reached skill level 5 in Evocations
 15222 | D:10     | Found a staircase to the Orcish Mines.
 15713 | D:11     | Reached **** piety under Sif Muna
 15885 | D:11     | Noticed a two-headed ogre
 15890 | D:11     | Killed a two-headed ogre
 15891 | D:11     | Reached skill level 10 in Air Magic
 15891 | D:11     | Reached skill level 5 in Invocations
 16507 | D:11     | Found Kadin's Gadget Boutique.
 16507 | D:11     | Noticed a boulder beetle
 16517 | D:11     | Killed a boulder beetle
 16663 | Orc:1    | Entered Level 1 of the Orcish Mines
 16663 | Orc:1    | Found Bawiloq's Book Emporium.
 16807 | Orc:1    | Noticed an orc sorcerer
 16812 | Orc:1    | Noticed an orc warlord
 16820 | Orc:1    | Killed an orc sorcerer
 17561 | D:2      | Killed an oklob plant
 17944 | D:9      | Found Liuc's Book Boutique.
 18187 | D:10     | Killed an orc warlord
 18188 | D:10     | Reached skill level 13 in Spellcasting
 18355 | Orc:1    | Mangled by a troll

Illustrated notes

Levels and vault maps discovered:
D:1:      erik_arrival_orb_chamber, layout_basic, minmay_shallow_snake_nest
D:2:      minmay_inner_zag, layout_rooms, cheibriados_altar_1, tgw_fedhas,
          minmay_tromino_i2
D:3:      layout_basic
D:4:      layout_gridville, eino_tiny_chamber, uniq_ijyb, uniq_eustachio,
          uniq_blork_the_orc
D:5:      layout_basic, tgw_xom, minmay_temple_entry_offerings,
          lightli_ossuary_entry_decrepit_ruins, kennysheep_big_empty_room
D:6:      layout_loops_ring, zin_scriptorium, serial_shops, shop_fountains,
          kennysheep_generic_room_3
D:7:      wad_lake_hut, layout_loops_ring, enter_bailey_5
D:8:      layout_cave_pools, eat_drink_and_be_merry_uskayaw,
          general_overflow_altar, uniq_maurice
D:9:      layout_long_grid, serial_shops, nicolae_shop_waterfront
D:10:     layout_irregular_city, orc_0_dummy, nicolae_tso_carved_into_rock,
          uniq_fannar
D:11:     layout_loops_corners, david_lair_generic, serial_shops, shop,
          kennysheep_windowed_goal
Temple:   lightli_temple_of_artemis
Orc:1:    layout_caves, serial_shops, shop, chequers_guarded_unrand_ignorance,
          uniq_sonja, uniq_erolcha

Skill      XL: |  1  2  3  4  5  6  7  8  9 10 11 |
---------------+----------------------------------+-----
Conjurations   | 2 3 4 5 7 8 |  8.1
Spellcasting   | 4 5 7 9 10 11 13 | 13.1
Air Magic      | 4 5 6 7 8 9 10 | 10.5
Stealth        | 3 |  3.4
Dodging        | 3 |  3.0
Shields        | 1 2 3 |  3.0
Translocations | 1 3 5 6 |  6.6
Invocations    | 2 4 5 |  5.8
Evocations     | 3 4 5 |  5.9
Fighting       | |  0.9
Short Blades   | |  0.5

Action                   |  1- 3 |  4- 6 |  7- 9 | 10-12 || total
-------------------------+-------+-------+-------+-------++-------
Melee: Short sword       |    15 |    17 |    20 |    41 ||    93
 Cast: Shock             |    70 |   102 |   116 |    38 ||   326
       Swiftness         |     1 |     3 |       |     4 ||     8
       Airstrike         |       |    12 |   111 |   208 ||   331
       Lightning Bolt    |       |       |       |    23 ||    23
       Iskenderun's Batt |       |       |       |     2 ||     2
       Gell's Gravitas   |       |       |       |     1 ||     1
Invok: Channel Magic     |       |       |       |     7 ||     7
Evoke: Wand              |       |       |     2 |     3 ||     5
  Use: Scroll            |       |    14 |    10 |     8 ||    32
       Potion            |       |       |     5 |     5 ||    10
Armor: Robe              |       |     3 |     5 |    13 ||    21
Dodge: Dodged            |     7 |    23 |    44 |   124 ||   198
Block: Other             |     1 |    11 |     4 |       ||    16
       Reflection        |       |     1 |       |       ||     1
       Buckler           |       |       |     6 |    46 ||    52

Table legend: (Time is in decaauts)
 A = Elapsed time spent in this place.
 B = Non-inter-level travel time spent in this place.
 C = Inter-level travel time spent in this place.
 D = Time resting spent in this place.
 E = Time spent auto-exploring this place.
 F = Levels seen in this place.
 G = Mean time per level.
                   A        B        C        D        E       F      G
               +--------+--------+--------+--------+--------+-----+--------+
         Total |  18393 |  17519 |    874 |   7932 |   5604 |  15 | 1226.2 |
       Dungeon |  15893 |  15027 |    866 |   6300 |   5604 |  11 | 1444.8 |
        Temple |     16 |      8 |      8 |      0 |      0 |   1 |   16.0 |
  Orcish Mines |     47 |     47 |      0 |      0 |      0 |   1 |   47.0 |
       Ossuary |   1621 |   1621 |      0 |   1130 |      0 |   1 | 1621.0 |
        Bailey |    815 |    815 |      0 |    502 |      0 |   1 |  815.0 |
               +--------+--------+--------+--------+--------+-----+--------+

Top non-repeatable levels by time:
    D:10: 2003 daAuts
     D:9: 1662 daAuts
 Ossuary: 1621 daAuts
     D:2: 1547 daAuts
     D:8: 1519 daAuts
     D:5: 1444 daAuts
     D:7: 1435 daAuts
     D:1: 1393 daAuts
     D:4: 1348 daAuts
     D:6: 1341 daAuts
     D:3: 1279 daAuts
    D:11: 919 daAuts
  Bailey: 815 daAuts
   Orc:1: 47 daAuts
  Temple: 16 daAuts
